 Dungeon Crawl Stone Soup version 0.20.1-1-g8b1a95d (webtiles) character file.

70 equalderp2856 the Magician (level 4, -3/31 HPs)
             Began as a Mummy Ice Elementalist on Oct 23, 2017.
             Slain by a merfolk siren
             ... wielding a +0 trident
             ... summoned by a worldbinder
             ... summoned by miscasting Summon Ice Beast
              (8 damage)
             ... on level 2 of the Dungeon.
             The game lasted 00:06:18 (3783 turns).

equalderp2856 the Magician (Mummy Ice Elementalist) Turns: 3783, Time: 00:06:19

Health: -3/31      AC:  6    Str: 11      XL:     4   Next: 4%
Magic:  3/9        EV:  9    Int: 15      God:
Gold:   75         SH:  0    Dex: 11 (12) Spells: 0/10 levels left

rFire    x . .     SeeInvis .   (no weapon)
rCold    + . .     Gourm    .   (no shield)
rNeg     + + +     Faith    .   l - +0 scale mail
rPois    ∞         Spirit   .   (no helmet)
rElec    .         Reflect  .   (no cloak)
rCorr    .         Harm     .   (no gloves)
MR       .....                  (no boots)
Stlth    ..........             f - amulet of magic regeneration
Regen    0.1/turn               (no ring)
MPRegen  0.2/turn               (no ring)

@: mesmerised, very slightly contaminated
A: no food or potions, fire vulnerability, cold resistance 1, negative energy
resistance 3, torment resistance, unbreathing
a: no special abilities


You were on level 2 of the Dungeon.
You were not hungry.

You visited 1 branch of the dungeon, and saw 2 of its levels.
You visited the Abyss 1 time.

You collected 75 gold pieces.

Inventory:

Armour
 a - a +0 robe
 l - a +0 scale mail (worn)
Jewellery
 d - an uncursed amulet of the gourmand
 f - an amulet of magic regeneration (around neck)
 i - a cursed ring of magical power {unknown}
 n - an uncursed ring of positive energy {unknown}
Scrolls
 c - 2 scrolls of teleportation {unknown}
 e - a scroll of random uselessness {unknown}
 g - a scroll of magic mapping {unknown}
 h - a scroll of recharging {unknown}
 j - 2 scrolls of identify {unknown}
 k - 2 scrolls of remove curse {unknown}
 m - a scroll of amnesia {unknown}
 o - a scroll of blinking {unknown}
Books
 b - a book of Frost

   Spells                             Type                      Level
   a - Freeze                         Ice                          1
   b - Throw Frost                    Conjuration/Ice              2
   c - Ozocubu's Armour               Charms/Ice                   3
   d - Throw Icicle                   Conjuration/Ice              4
   e - Summon Ice Beast               Ice/Summoning                4


   Skills:
 + Level 0.6 Fighting
 + Level 1.9 Dodging
 + Level 2.0 Stealth
 + Level 0.4 Unarmed Combat
 + Level 3.6 Spellcasting
 + Level 1.0 Conjurations
 + Level 2.9 Ice Magic


You couldn't memorise any spells.
You knew the following spells:

 Your Spells              Type           Power        Failure   Level  Hunger
a - Freeze                Ice            ##..         34%         1    N/A
b - Throw Frost           Conj/Ice       #.....       61%         2    N/A
c - Ozocubu's Armour      Chrm/Ice       #.......     88%         3    N/A
d - Summon Ice Beast      Ice/Summ       #.......     99%         4    N/A

Dungeon Overview and Level Annotations

Branches:
Dungeon (2/15)

Altars:
Sif Muna
Yredelemnul


Innate Abilities, Weirdness & Mutations

You do not eat or drink.
Your flesh is vulnerable to fire.
You are immune to poison.
Your flesh is cold resistant. (rC+)
You are immune to negative energy. (rN+++)
You are immune to unholy pain and torment.
You can survive without breathing.


Message History

The air twists around and strikes you!
The worldbinder calls forth creatures from the Snake Pit!
The wind drake flaps its wings at you. The air twists around and strikes you!
Unknown command.
The naga disappears in a puff of smoke! x2
The naga spits poison at you. The splash of poison hits you! You resist.
The merfolk siren chants a haunting song.
You are mesmerised by the merfolk siren!
You cannot move away from the merfolk siren!
Unknown command.
You cannot move away from the merfolk siren!
You hit the worldbinder but do no damage.
The worldbinder hits you.
* * * LOW HITPOINT WARNING * * *
The worldbinder hits you.
* * * LOW HITPOINT WARNING * * *
The merfolk siren hits you from afar with a trident!
You die...

.........#.# ########.#.# ###
#.... ####################.#
###.#
#....................#####.#
#..#...#)..#...#...#.).....#
#_...........N.......#######
#..#...#...#x.N#.m.#.# #
#..........@xmS..k...# #
####################k# #
############# #.# #.# #
.........(..# #.# #x# #
###########.###.#########.# #
.........................k# #
###########..##.#################
.......##.......# #...# #.....
######.##.##.##.#####...# #.....


You could see a wind drake, 2 merfolk sirens, 2 worldbinders, a black mamba and
2 nagas.

Vanquished Creatures
  An adder (D:2)
  An ooze (D:2)
  3 worms (D:2)
  2 dart slugs (D:1)
  A leopard gecko (D:2)
  4 bats
  3 giant cockroaches
  5 goblins
  3 hobgoblins
  4 jackals (D:1)
  2 quokkas (D:2)
  5 ball pythons
  3 frilled lizards (D:1)
  5 rats
42 creatures vanquished.

Notes
Turn   | Place    | Note
-------+----------+-------------------------------------------
     0 | D:1      | equalderp2856 the Mummy Ice Elementalist began the quest for the Orb.
     0 | D:1      | Reached XP level 1. HP: 13/13 MP: 4/4
   746 | D:1      | Reached XP level 2. HP: 19/19 MP: 3/5
   750 | D:1      | Learned a level 2 spell: Throw Frost
  1118 | D:1      | Reached skill level 3 in Spellcasting
  1357 | D:2      | Reached XP level 3. HP: 11/24 MP: 4/7
  1431 | D:1      | Learned a level 3 spell: Ozocubu's Armour
  2823 | D:2      | Found a faded altar of an unknown god.
  2996 | D:2      | Reached skill level 1 in Conjurations
  2996 | D:2      | Reached XP level 4. HP: 30/31 MP: 2/9
  3002 | D:2      | Learned a level 4 spell: Summon Ice Beast
  3135 | D:2      | Found a deep blue altar of Sif Muna.
  3256 | D:2      | Found a basalt altar of Yredelemnul.
  3295 | D:2      | Cast into level 1 of the Abyss (miscasting Summon Ice Beast)
  3296 | Abyss:1  | Noticed a spatial vortex
  3337 | D:2      | Escaped the Abyss
  3772 | D:2      | Noticed a worldbinder
  3772 | D:2      | Noticed a worldbinder
  3775 | D:2      | Noticed a wind drake
  3776 | D:2      | Noticed a naga
  3776 | D:2      | Noticed a naga
  3778 | D:2      | Noticed a merfolk siren
  3778 | D:2      | Noticed a merfolk siren
  3781 | D:2      | Noticed a black mamba
  3781 | D:2      | Noticed a naga
  3781 | D:2      | Noticed a naga
  3783 | D:2      | Slain by a merfolk siren

Skill      XL: |  1  2  3 |
---------------+----------+-----
Spellcasting   | 3 |  3.6
Stealth        | 2 |  2.0
Conjurations   | 1 |  1.0
Fighting       | |  0.6
Dodging        | |  1.9
Unarmed Combat | |  0.4
Ice Magic      | |  2.9

Action                   |  1- 3 |  4- 6 || total
-------------------------+-------+-------++-------
Melee: Unarmed           |    77 |     5 ||    82
 Cast: Freeze            |    51 |       ||    51
       Throw Frost       |    23 |     1 ||    24
       Ozocubu's Armour  |     1 |       ||     1
 Stab: Sleeping          |     2 |       ||     2
Armor: Robe              |    20 |     2 ||    22
       Scale mail        |       |     4 ||     4
Dodge: Dodged            |    88 |     6 ||    94
